IL
OMAHA STORM CHASERS @ BUFFALO BISONS
06/05/2045
 
TOP OF THE 1ST
Omaha Storm Chasers batting - Pitching for Buffalo Bisons : LHP Angel Contreras
Pitching: LHP Angel Contreras
Batting: SHB Gareth Busby 0-0: Ball
1-0: Foul Ball, location: 2F
1-1: Called Strike
1-2: Ball
2-2: Ball
3-2: Ground out 6-3 (Groundball, 6, EV 106.9 MPH)
Batting: RHB Nick Ogle 0-0: Ground out 5-3 (Groundball, 56S, EV 76.2 MPH)
Batting: LHB Justin Rupert 0-0: Swinging Strike
0-1: Called Strike
0-2: Foul Ball, location: 2F
0-2: Ball
1-2: Strikes out looking
Top of the 1st over - 0 runs, 0 hits, 0 errors, 0 left on base; Omaha 0 - Buffalo 0
BOTTOM OF THE 1ST
Buffalo Bisons batting - Pitching for Omaha Storm Chasers : LHP Walter Whiteman
Pitching: LHP Walter Whiteman
Batting: RHB Pedro Nin 0-0: Swinging Strike
0-1: Ball
1-1: Ball
2-1: Ball
3-1: Foul Ball, location: 2F
3-2: Strikes out looking
Batting: RHB Francisco Hernandez 0-0: Called Strike
0-1: Fly out, F4 (Popup, 34D, EV 72.5 MPH)
Batting: RHB Alex Ramos 0-0: Ball
1-0: Fly out, F8 (Line Drive, 8RM, EV 91.2 MPH)
Bottom of the 1st over - 0 runs, 0 hits, 0 errors, 0 left on base; Omaha 0 - Buffalo 0
TOP OF THE 2ND
Omaha Storm Chasers batting - Pitching for Buffalo Bisons : LHP Angel Contreras
Batting: LHB Roman Downey 0-0: Called Strike
0-1: Swinging Strike
0-2: Strikes out looking
Batting: RHB Muneer Maudad 0-0: Swinging Strike
0-1: Ball
1-1: Ground out 5-3 (Groundball, 56S, EV 88.8 MPH)
Batting: LHB Zion Davidson 0-0: Ball
1-0: Called Strike
1-1: Foul Ball, location: 2F
1-2: Foul Ball, location: 2F
1-2: Foul Ball, location: 2F
1-2: Fly out, F5 (Popup, 56S, EV 72.5 MPH)
Top of the 2nd over - 0 runs, 0 hits, 0 errors, 0 left on base; Omaha 0 - Buffalo 0
BOTTOM OF THE 2ND
Buffalo Bisons batting - Pitching for Omaha Storm Chasers : LHP Walter Whiteman
Batting: RHB Michel Martineau 0-0: Called Strike
0-1: Ball
1-1: Foul Ball, location: 2F
1-2: Ball
2-2: Ball
3-2: SINGLE (Groundball, 56S, EV 67.5 MPH) (infield hit)
Batting: RHB John Creel 0-0: Ball
1-0: Swinging Strike
1-1: Ball
2-1: Ball
3-1: Base on Balls
Michel Martineau to second
Batting: RHB Danny Heyer 0-0: Foul Ball, location: 2F
0-1: Foul Ball, location: 2F
0-2: Strikes out swinging
Batting: LHB Tso-lin Fen 0-0: Foul Ball, location: 2F
0-1: Ball
1-1: Ball
2-1: Foul Ball, location: 2F
2-2: Foul Ball, location: 2F
2-2: Strikes out looking
Batting: RHB Kirk Seiffert 0-0: Called Strike
0-1: Ball
1-1: Ground out 4-3 (Groundball, 4, EV 98.1 MPH)
Bottom of the 2nd over - 0 runs, 1 hit, 0 errors, 2 left on base; Omaha 0 - Buffalo 0
TOP OF THE 3RD
Omaha Storm Chasers batting - Pitching for Buffalo Bisons : LHP Angel Contreras
Batting: RHB Joeri Plas 0-0: Ball
1-0: Ground out 1-3 (Groundball, 13S, EV 71.9 MPH)
Batting: LHB Jim Beaver 0-0: Foul Ball, location: 2F
0-1: Ball
1-1: Ball
2-1: Ball
3-1: Ground out 5-3 (Groundball, 56, EV 86.2 MPH)
Batting: RHB Yuichi Takata 0-0: Ball
1-0: Ball
2-0: Called Strike
2-1: Swinging Strike
2-2: Strikes out looking
Top of the 3rd over - 0 runs, 0 hits, 0 errors, 0 left on base; Omaha 0 - Buffalo 0
BOTTOM OF THE 3RD
Buffalo Bisons batting - Pitching for Omaha Storm Chasers : LHP Walter Whiteman
Batting: LHB Sadamu Noguchi 0-0: SINGLE (Line Drive, 6D, EV 106.9 MPH)
Batting: RHB Pedro Nin 0-0: Ball
1-0: Called Strike
1-1: Ball
Sadamu Noguchi is caught stealing 2nd base 2-4
2-1: SOLO HOME RUN (Flyball, 78XD, EV 105.6 MPH), Distance : 418 ft
Batting: RHB Francisco Hernandez 0-0: Ball
1-0: Called Strike
1-1: Ball
2-1: Ball
3-1: Ground out 5-3 (Groundball, 5S, EV 90.6 MPH)
Batting: RHB Alex Ramos 0-0: Ground out 4-3 (Groundball, 34, EV 76.9 MPH)
Bottom of the 3rd over - 1 run, 2 hits, 0 errors, 0 left on base; Omaha 0 - Buffalo 1
TOP OF THE 4TH
Omaha Storm Chasers batting - Pitching for Buffalo Bisons : LHP Angel Contreras
Batting: SHB Gareth Busby 0-0: Ball
1-0: SOLO HOME RUN (Flyball, 9D, EV 96.2 MPH), Distance : 364 ft
Batting: RHB Nick Ogle 0-0: Ball
1-0: Ball
2-0: Foul Ball, location: 2F
2-1: Ball
3-1: Called Strike
3-2: Base on Balls
Batting: LHB Justin Rupert 0-0: Reached on error, E3 (Groundball, 34S, EV 78.1 MPH)
Nick Ogle to second
Batting: LHB Roman Downey 0-0: Ball
1-0: Fly out, F5 (Popup, 5, EV 70.0 MPH)
Batting: RHB Muneer Maudad 0-0: Called Strike
0-1: Foul Ball, location: 2F
0-2: Ball
1-2: Ball
2-2: SINGLE (Groundball, 6MD, EV 99.4 MPH)
Nick Ogle to third
Justin Rupert to second
Batting: LHB Zion Davidson 0-0: Ball
1-0: Foul Ball, location: 2F
1-1: Foul Ball, location: 2F
1-2: Ball
2-2: Ball
3-2: Foul Ball, location: 2F
3-2: Foul Ball, location: 2F
3-2: SINGLE (Line Drive, 34D, EV 99.4 MPH)
Nick Ogle scores
Justin Rupert to third
Muneer Maudad to second
Batting: RHB Joeri Plas 0-0: Foul Ball, location: 2F
0-1: Ball
1-1: Fly out, F7 (Flyball, 78S, EV 96.2 MPH)
Batting: LHB Jim Beaver 0-0: Foul Ball, location: 2F
0-1: Foul Ball, location: 2F
0-2: Foul Ball, location: 2F
0-2: Foul Ball, location: 2F
0-2: Foul Ball, location: 2F
0-2: Strikes out looking
Top of the 4th over - 2 runs, 3 hits, 1 error, 3 left on base; Omaha 2 - Buffalo 1
BOTTOM OF THE 4TH
Buffalo Bisons batting - Pitching for Omaha Storm Chasers : LHP Walter Whiteman
Batting: RHB Michel Martineau 0-0: Called Strike
0-1: Called Strike
0-2: Ball
1-2: Ball
2-2: Foul Ball, location: 2F
2-2: Fly out, F2 (Popup, 13S, EV 82.5 MPH)
Batting: RHB John Creel 0-0: Swinging Strike
0-1: Called Strike
0-2: Strikes out swinging
Pitching: RHP Dennis Holifield
Batting: RHB Danny Heyer 0-0: Ball
1-0: Ball
2-0: Foul Ball, location: 2F
2-1: Ball
3-1: SINGLE (Groundball, 4D, EV 105.0 MPH)
Batting: LHB Tso-lin Fen 0-0: Ball
1-0: Foul Ball, location: 2F
1-1: Foul Ball, location: 2F
1-2: Foul Ball, location: 2F
1-2: Foul Ball, location: 2F
1-2: Foul Ball, location: 2F
1-2: Ball
2-2: Foul Ball, location: 2F
2-2: Ball
3-2: SINGLE (Flyball, 6D, EV 86.9 MPH)
Danny Heyer to second
Danny Heyer to third
Batting: RHB Kirk Seiffert
Pinch Hitting: LHB Pauli Gassinger 0-0: Ball
Tso-lin Fen steals 2nd, throwing error, E2
Danny Heyer scores
Tso-lin Fen to third
1-0: Ball
2-0: Swinging Strike
2-1: Foul Ball, location: 2F
2-2: Foul Ball, location: 2F
2-2: Foul Ball, location: 2F
2-2: Ball
3-2: Strikes out swinging
Bottom of the 4th over - 1 run, 2 hits, 1 error, 1 left on base; Omaha 2 - Buffalo 2
TOP OF THE 5TH
Omaha Storm Chasers batting - Pitching for Buffalo Bisons : LHP Angel Contreras
Now at SS: John Loving
Batting: RHB Yuichi Takata 0-0: SINGLE (Groundball, 34D, EV 99.4 MPH)
Batting: SHB Gareth Busby 0-0: Ball
1-0: DOUBLE (Flyball, 8LXD, EV 96.9 MPH)
Yuichi Takata to third
Batting: RHB Nick Ogle 0-0: Called Strike
0-1: Foul Ball, location: 2F
0-2: Ball
1-2: Strikes out swinging
Batting: LHB Justin Rupert 0-0: Ball
1-0: SINGLE (Groundball, 56D, EV 95.6 MPH)
Yuichi Takata scores
Gareth Busby to third
Runner from 3rd tries for Home, SAFE, throw by LF to home
Justin Rupert to second
Batting: LHB Roman Downey 0-0: 2-RUN HOME RUN (Flyball, 9D, EV 98.1 MPH), Distance : 370 ft
Pitching: LHP Josh Black
Batting: RHB Muneer Maudad 0-0: Called Strike
0-1: Foul Ball, location: 2F
0-2: Ball
1-2: Ball
2-2: Strikes out swinging
Batting: LHB Zion Davidson 0-0: Ground out 4-3 (Groundball, 4MS, EV 86.2 MPH)
Top of the 5th over - 4 runs, 4 hits, 0 errors, 0 left on base; Omaha 6 - Buffalo 2
BOTTOM OF THE 5TH
Buffalo Bisons batting - Pitching for Omaha Storm Chasers : RHP Dennis Holifield
Batting: LHB Sadamu Noguchi 0-0: Ball
1-0: Ball
2-0: Foul Ball, location: 2F
2-1: Ball
3-1: Base on Balls
Pitching: RHP Antonio Santos
Batting: RHB Pedro Nin 0-0: Called Strike
Sadamu Noguchi steals 2nd base (no throw)
0-1: Ball
1-1: Foul Ball, location: 2F
1-2: Ball
2-2: SINGLE (Groundball, 6MS, EV 69.4 MPH) (infield hit)
Sadamu Noguchi to third
Batting: RHB Francisco Hernandez 0-0: Ball
1-0: Foul Ball, location: 2F
1-1: Called Strike
1-2: Fielders Choice at 2nd, 4-6 (Groundball, 4, EV 81.9 MPH)
Sadamu Noguchi scores
Batting: RHB Alex Ramos 0-0: Ball
1-0: Foul Ball, location: 2F
1-1: Ball
2-1: Ball
3-1: Fly out, F9 (Flyball, 9D, EV 77.5 MPH)
Batting: RHB Michel Martineau 0-0: Ball
1-0: Swinging Strike
1-1: Ball
2-1: Foul Ball, location: 2F
2-2: Ball
3-2: Foul Ball, location: 2F
3-2: Foul Ball, location: 2F
3-2: Foul Ball, location: 2F
3-2: Ground out 5-3 (Groundball, 56S, EV 86.9 MPH)
Bottom of the 5th over - 1 run, 1 hit, 0 errors, 1 left on base; Omaha 6 - Buffalo 3
TOP OF THE 6TH
Omaha Storm Chasers batting - Pitching for Buffalo Bisons : LHP Josh Black
Batting: RHB Joeri Plas 0-0: DOUBLE (Flyball, 8RXD, EV 99.4 MPH)
Batting: LHB Jim Beaver 0-0: Called Strike
0-1: Fly out, F3 (Popup, 3SF, EV 69.4 MPH)
Batting: RHB Yuichi Takata 0-0: Ball
1-0: DOUBLE (Line Drive, 7LM, EV 101.2 MPH)
Joeri Plas scores
Batting: SHB Gareth Busby 0-0: Ground out 3-1 (Groundball, 34, EV 85.0 MPH)
Yuichi Takata to third
Batting: RHB Nick Ogle 0-0: Foul Ball, location: 2F
0-1: Called Strike
0-2: 2-RUN HOME RUN (Flyball, 7D, EV 107.5 MPH), Distance : 382 ft
Batting: LHB Justin Rupert 0-0: Called Strike
0-1: Ball
1-1: SINGLE (Groundball, P, EV 96.9 MPH)
Pitching: RHP John Mathis
Batting: LHB Roman Downey 0-0: Called Strike
0-1: Called Strike
0-2: Foul Ball, location: 2F
0-2: Ball
1-2: Ball
2-2: Strikes out swinging
Top of the 6th over - 3 runs, 4 hits, 0 errors, 1 left on base; Omaha 9 - Buffalo 3
BOTTOM OF THE 6TH
Buffalo Bisons batting - Pitching for Omaha Storm Chasers : RHP Antonio Santos
Batting: RHB John Creel 0-0: Ball
1-0: Foul Ball, location: 2F
1-1: SINGLE (Groundball, 4M, EV 100.6 MPH) (infield hit)
Batting: RHB Danny Heyer 0-0: Ball
1-0: Hit by Pitch
John Creel to second
Batting: LHB Tso-lin Fen 0-0: Ball
1-0: Foul Ball, location: 2F
1-1: Ball
2-1: Ball
3-1: Grounds into double play, 4-6-3 (Groundball, 4, EV 92.5 MPH)
John Creel to third
Batting: RHB John Loving 0-0: Called Strike
0-1: Foul Ball, location: 2F
0-2: Ground out 1-3 (Groundball, 13S, EV 63.8 MPH)
Bottom of the 6th over - 0 runs, 1 hit, 0 errors, 1 left on base; Omaha 9 - Buffalo 3
TOP OF THE 7TH
Omaha Storm Chasers batting - Pitching for Buffalo Bisons : RHP John Mathis
Batting: RHB Muneer Maudad 0-0: Ball
1-0: Foul Ball, location: 2F
1-1: Called Strike
1-2: Fly out, F7 (Flyball, 78S, EV 90.6 MPH)
Batting: LHB Zion Davidson 0-0: Swinging Strike
0-1: Fly out, F8 (Flyball, 78M, EV 89.4 MPH)
Batting: RHB Joeri Plas 0-0: Called Strike
0-1: Ball
1-1: Ball
2-1: Called Strike
2-2: Ground out 4-3 (Groundball, 4, EV 98.1 MPH)
Top of the 7th over - 0 runs, 0 hits, 0 errors, 0 left on base; Omaha 9 - Buffalo 3
BOTTOM OF THE 7TH
Buffalo Bisons batting - Pitching for Omaha Storm Chasers : RHP Antonio Santos
Batting: LHB Sadamu Noguchi 0-0: Called Strike
0-1: Foul Ball, location: 2F
0-2: Fly out, F6 (Popup, 6M, EV 65.0 MPH)
Batting: RHB Pedro Nin 0-0: Called Strike
0-1: Foul Ball, location: 2F
0-2: Ball
1-2: Strikes out swinging
Batting: RHB Francisco Hernandez 0-0: Foul Ball, location: 2F
0-1: Ground out 4-3 (Groundball, 4, EV 90.0 MPH)
Bottom of the 7th over - 0 runs, 0 hits, 0 errors, 0 left on base; Omaha 9 - Buffalo 3
TOP OF THE 8TH
Omaha Storm Chasers batting - Pitching for Buffalo Bisons : RHP John Mathis
Batting: LHB Jim Beaver 0-0: Ball
1-0: Ball
2-0: Foul Ball, location: 2F
2-1: Foul Ball, location: 2F
2-2: Foul Ball, location: 2F
2-2: Strikes out swinging
Batting: RHB Yuichi Takata 0-0: Ball
1-0: Called Strike
1-1: Ball
2-1: Ground out 5-3 (Groundball, 56S, EV 77.5 MPH)
Batting: SHB Gareth Busby 0-0: Ball
1-0: Ground out 6-3 (Groundball, 6, EV 86.2 MPH)
Top of the 8th over - 0 runs, 0 hits, 0 errors, 0 left on base; Omaha 9 - Buffalo 3
BOTTOM OF THE 8TH
Buffalo Bisons batting - Pitching for Omaha Storm Chasers : RHP Antonio Santos
Batting: RHB Alex Ramos 0-0: Ball
1-0: Ball
2-0: Called Strike
2-1: Foul Ball, location: 2F
2-2: Ball
3-2: Foul Ball, location: 2F
3-2: Strikes out looking
Batting: RHB Michel Martineau 0-0: Swinging Strike
0-1: Foul Ball, location: 2F
0-2: Ground out 5-3 (Groundball, 5, EV 81.2 MPH)
Batting: RHB John Creel 0-0: Ball
1-0: Called Strike
1-1: Ball
2-1: Ball
3-1: Ground out 2-3 (Groundball, 15S, EV 71.9 MPH)
Bottom of the 8th over - 0 runs, 0 hits, 0 errors, 0 left on base; Omaha 9 - Buffalo 3
TOP OF THE 9TH
Omaha Storm Chasers batting - Pitching for Buffalo Bisons : RHP John Mathis
Pitching: LHP Julio Gonzalez
Batting: RHB Nick Ogle 0-0: Ball
1-0: Ground out 5-3 (Groundball, 5, EV 102.5 MPH)
Batting: LHB Justin Rupert 0-0: Ball
1-0: Ball
2-0: Ball
3-0: Base on Balls
Batting: LHB Roman Downey 0-0: Ball
1-0: Called Strike
1-1: Ball
2-1: Ball
3-1: Foul Ball, location: 2F
3-2: Strikes out swinging
Batting: RHB Muneer Maudad 0-0: Ball
1-0: Fly out, F9 (Flyball, 9D, EV 99.4 MPH)
Top of the 9th over - 0 runs, 0 hits, 0 errors, 1 left on base; Omaha 9 - Buffalo 3
BOTTOM OF THE 9TH
Buffalo Bisons batting - Pitching for Omaha Storm Chasers : RHP Antonio Santos
Batting: RHB Danny Heyer 0-0: Called Strike
0-1: Foul Ball, location: 2F
0-2: Ball
1-2: Strikes out swinging
Pitching: RHP Josh Moncada
Batting: LHB Tso-lin Fen 0-0: Called Strike
0-1: Foul Ball, location: 2F
0-2: Ball
1-2: Ball
2-2: Fly out, F8 (Flyball, 8RM, EV 78.8 MPH)
Batting: RHB John Loving 0-0: Swinging Strike
0-1: Swinging Strike
0-2: Ball
1-2: SINGLE (Groundball, 4S, EV 72.5 MPH) (infield hit)
Batting: LHB Sadamu Noguchi 0-0: Foul Ball, location: 2F
0-1: Ball
1-1: Foul Ball, location: 2F
1-2: Foul Ball, location: 2F
1-2: Ball
2-2: Strikes out looking
Bottom of the 9th over - 0 runs, 1 hit, 0 errors, 1 left on base; Omaha 9 - Buffalo 3
Wednesday, June 22nd , 2022 - OOTP Baseball 23.4 Build 64